 Dungeon Crawl Stone Soup version 0.30-a0-613-gdd512c7efb (webtiles) character file.

Game seed: 7500076736788784926

662 Sabo the Magician (level 7, -1/43 HPs)
             Began as an Octopode Fire Elementalist on Jan 8, 2023.
             Was an Initiate of Gozag.
             Killed by nerve-wracking pain
             ... invoked by a shadow imp
              (10 damage)
             ... on level 4 of the Dungeon.
             The game lasted 00:27:33 (5674 turns).

Sabo the Magician (Octopode Fire Elementalist)      Turns: 5674, Time: 00:27:34

Health: -1/43      AC:  3    Str:  7    XL:     7   Next: 56%
Magic:  14/14      EV: 13    Int: 20    God:    Gozag
Gold:   537        SH:  0    Dex: 12    Spells: 9/15 levels left

rFire   . . .      SeeInvis +    i - +8 battleaxe "Thing" {venom, rPois rC+ SInv}
rCold   + . .      Faith    .    (shield currently unavailable)
rNeg    . . .      Spirit   .    c - +2 hat
rPois   +          Reflect  .    (no amulet)
rElec   .          Harm     .    (no ring)
rCorr   .          Rampage  .    (no ring)
Will    .....                    (no ring)
Stlth   +++                      (no ring)
HPRegen 0.27/turn                (no ring)
MPRegen 0.14/turn                (no ring)
                                 (no ring)
                                 (no ring)

@: gold aura
A: almost no armour, amphibious, 8 rings, camouflage 1, gelatinous body 1,
(nimble swimmer 1), tentacles
a: Renounce Religion, Potion Petition, Call Merchant, Bribe Branch


You were on level 4 of the Dungeon.
You worshipped Gozag.
Gozag was pleased with you.
You visited 1 branch of the dungeon, and saw 4 of its levels.
You also visited: Sewer.

You collected 767 gold pieces.
You spent 230 gold pieces at shops.

Inventory:

Hand Weapons
 i - the +8 battleaxe "Thing" (weapon) {venom, rPois rC+ SInv}
   (You bought it in a shop on level 1 of the Dungeon)

   rC:        It protects you from cold.
   rPois:     It protects you from poison.
   SInv:      It lets you see invisible.
 l - a +0 shortbow
Missiles
 m - 10 poisoned darts
Armour
 c - a +2 hat (worn)
Wands
 p - a wand of digging (9)
 q - a wand of flame (5)
 r - a wand of paralysis (9)
 v - a wand of roots (5)
Scrolls
 d - 3 scrolls of silence
 g - 2 scrolls of amnesia
 k - a scroll of enchant weapon
 s - 2 scrolls of teleportation
 u - a scroll of blinking {unknown}
 w - a scroll of summoning {unknown}
Potions
 a - 2 potions of lignification {unknown}
 b - 2 potions of attraction {unknown}
 e - 3 potions of curing
 f - 2 potions of heal wounds
 h - 3 potions of invisibility {unknown}
 j - a potion of might {unknown}
 n - a potion of flight {unknown}
 o - 3 potions of brilliance
 t - a potion of magic


   Skills:
 + Level 1.4 Fighting
 + Level 3.4 Axes
 + Level 0.1(2.0) Maces & Flails
 + Level 2.8 Dodging
 + Level 4.0 Stealth
 + Level 4.7 Spellcasting
 + Level 1.4 Conjurations
 + Level 4.6 Fire Magic


You had 9 spell levels left.
You knew the following spells:

 Your Spells              Type           Power      Damage    Failure   Level
a - Foxfire               Conj/Fire      68%        2x1d7     3%          1
b - Scorch                Fire           46%        2d7       2%          2
c - Kindle Blastsparks    Fire/Tloc/Air  20%        2d11      19%         3

Your spell library contained the following spells:

 Spells                   Type           Power      Damage    Failure   Level
 Inner Flame              Hex/Fire       14%        N/A       14%         3
 Dazzling Flash           Conj/Hex       14%        N/A       26%         3
 Flame Wave               Conj/Fire      17%        2d7       32%         4
 Agony                    Necr           4%         N/A       97%         5
 Silence                  Hex/Air        2%         N/A       97%         5


Dungeon Overview and Level Annotations

Branches:
Dungeon (4/15)             Temple (0/1) D:4           Sewer (visited)

Altars:
Ashenzari
Gozag
Hepliaklqana
Trog
Uskayaw
Vehumet

Shops:
D:1 (

Annotations:
D:4 1 transporter


Innate Abilities, Weirdness & Mutations

You cannot wear most types of armour.
You are amphibious.
You can wear up to eight rings at the same time.
Your skin changes colour to match your surroundings (Stealth+).
Your rubbery body absorbs attacks. (AC +1, EV +1)
((You are camouflaged when in or above water. (Stealth+)))
You have tentacles for arms and can constrict up to eight enemies at once.


Message History

w - a scroll labelled OREPOS YCSAT The shadow imp lashes its tail.
You open the door. The shadow imp puffs mist at you.
There is an open door here.
The shadow imp shouts, "Slither hence, thou jarring ruttish bootlicker!"
The orc priest miscasts a cantrip.
You enter the deep water.
The orc priest hits you with a +0 flail.
The shadow imp closely misses you.
The orc priest looks satisfied for a moment.
You slash the orc priest!
You kill the orc priest!
You hit the orc priest. You slash the plant!
The plant begins to die.
You slash the shadow imp!
The shadow imp is poisoned.
The shadow imp gestures at you.
You struggle to resist.
The shadow imp is distracted by your dazzling golden aura.
The orc priest hits you with a +0 hand axe!
The shadow imp shouts, "Go and return not, thou foppish nose-picking tinkerer!"
The orc priest hits you with a +0 hand axe.
Things that are here:
5 gold pieces; a +0 flail You hit the orc priest.
The orc priest is poisoned.
You grab the orc priest.
The orc priest is severely wounded.
You closely miss the shadow imp.
The shadow imp is no longer distracted by gold.
You constrict the orc priest.
You kill the orc priest!
The shadow imp gestures at you. Pain shoots through your body!
The shadow imp gestures at you. Pain shoots through your body!
* * * LOW HITPOINT WARNING * * *
Your Stealth skill increases to level 4!
A nearby plant withers and dies.
The shadow imp gestures at you. Pain shoots through your body!
You die...
Your body crumbles into a pile of gold.

.....##..###...#####
.....##......©.....#
.######..#########.#
..# #..#8P.©.P8#.#
..# #..#P.....P#.#
...# #..####'####.#
.#+####..#.≈...≈5#.#
......#..#.≈...≈$#.#
......#..#5≈P~~≈@#.#
.........#.≈~⌠~≈.#.#
......##.#.≈~~~≈.#.#
.....>##.#.≈...≈.#.#
.....###.#.≈...≈.#.#
.....# #.####+####.#
.....# #.#~..$..~#.#
.....# #.#8P$©$P8#.#
.....# #.#########.#


You could see 2 shadow imps.

Vanquished Creatures
  A water moccasin (Sewer)
  2 ogres
  A hound (D:4)
  3 orc priests
  An iguana (D:4)
  4 gnolls (D:2)
  10 adders
  3 worms
  3 dart slugs
  7 orcs
  13 ball pythons
  8 endoplasms
  4 giant cockroaches
  5 goblins
  6 hobgoblins
  7 jackals
  4 quokkas
  4 bats
  6 frilled lizards
  7 kobolds
  6 rats
105 creatures vanquished.

Vanquished Creatures (others)
  32 foxfires (D:1)
  A fungus (D:1)
  3 plants
36 creatures vanquished.

Grand Total: 141 creatures vanquished

Notes
Turn   | Place    | Note
-------+----------+-------------------------------------------
     0 | D:1      | Sabo the Octopode Fire Elementalist began the quest for the
                  | Orb.
     0 | D:1      | Reached XP level 1. HP: 11/11 MP: 3/3
    17 | D:1      | Found Arhy's Antique Weapon Boutique.
   236 | D:1      | Reached XP level 2. HP: 11/17 MP: 1/5
   795 | D:1      | Learned a level 2 spell: Scorch
  1145 | D:1      | Reached XP level 3. HP: 21/21 MP: 3/6
  1452 | D:1      | Found a faded altar of an unknown god.
  1464 | D:1      | Prayed at the altar of an unknown god.
  1464 | D:1      | Became a worshipper of Gozag Ym Sagoz the Greedy
  2081 | D:2      | Noticed an ogre
  2091 | D:2      | Killed an ogre
  2092 | D:2      | Reached XP level 4. HP: 27/27 MP: 3/8
  2092 | D:2      | Reached XP level 5. HP: 32/32 MP: 3/9
  3173 | D:1      | Bought a steaming battleaxe for 230 gold pieces
  3173 | D:1      | Identified the +8 battleaxe "Thing" {venom, rPois rC+ SInv}
                  | (You bought it in a shop on level 1 of the Dungeon)
  3767 | D:3      | Reached XP level 6. HP: 33/37 MP: 6/12
  4060 | D:3      | Found a hide-covered altar of Uskayaw.
  4062 | D:3      | Found a hazy altar of Hepliaklqana.
  4096 | D:3      | Found a broken altar of Ashenzari.
  4098 | D:3      | Found a radiant altar of Vehumet.
  4128 | D:3      | Reached skill level 1 in Axes
  4676 | D:4      | Found a staircase to the Ecumenical Temple.
  4718 | D:4      | Found a transporter.
  4735 | D:4      | Found a transporter.
  4850 | D:4      | Found a bloodstained altar of Trog.
  4925 | D:4      | Found a glowing drain.
  4971 | D:4      | Reached XP level 7. HP: 22/42 MP: 13/13
  5006 | Sewer    | Entered a sewer
  5130 | Sewer    | Reached skill level 1 in Fighting
  5632 | D:4      | Learned a level 3 spell: Kindle Blastsparks
  5674 | D:4      | Killed from afar by a shadow imp

Illustrated notes

Levels and vault maps discovered:
D:1:      dpeg_arrival_short_road, layout_loops_corners,
          shapermc_ecumenical_altar_mp_urbaneastern, serial_shops,
          nicolae_diamond_shop, st_stairs_7
D:2:      layout_basic
D:3:      layout_rooms, nicolae_overflow_hidden_temple
D:4:      gammafunk_wand_slinger, layout_basic, lemuel_doored_altar,
          temple_hall, gup_sewer_entry_glass

Skill      XL: |  1  2  3  4  5  6  7 |
---------------+----------------------+-----
Stealth        | 3 4 |  4.0
Spellcasting   | 3 4 |  4.7
Fire Magic     | 4 |  4.6
Axes           | 2 3 |  3.4
Fighting       | 1 |  1.4
Maces & Flails | |  0.1
Dodging        | |  2.8
Conjurations   | |  1.4

Action                   |  1- 3 |  4- 6 |  7- 9 || total
-------------------------+-------+-------+-------++-------
Melee: Unarmed           |     3 |       |       ||     3
       Constrict         |     2 |     9 |     3 ||    14
       Tentacles         |     1 |     5 |     3 ||     9
       Mace              |     4 |     4 |       ||     8
       Battleaxe         |       |    43 |    13 ||    56
       Punch             |       |     1 |       ||     1
 Cast: Foxfire           |    21 |       |       ||    21
       Scorch            |    19 |    41 |     2 ||    62
  Use: Scroll            |     2 |     8 |     1 ||    11
       Potion            |     1 |     1 |       ||     2
 Stab: Sleeping          |       |       |     1 ||     1
Armor: Skin              |       |    21 |     3 ||    24
Dodge: Dodged            |    13 |    63 |     8 ||    84

Table legend: (Time is in decaauts)
 A = Elapsed time spent in this place.
 B = Non-inter-level travel time spent in this place.
 C = Inter-level travel time spent in this place.
 D = Time resting spent in this place.
 E = Time spent auto-exploring this place.
 F = Levels seen in this place.
 G = Mean time per level.
                   A        B        C        D        E       F      G
               +--------+--------+--------+--------+--------+-----+--------+
         Total |   5711 |   5711 |      0 |   1588 |      0 |   5 | 1142.2 |
       Dungeon |   5460 |   5460 |      0 |   1476 |      0 |   4 | 1365.0 |
         Sewer |    251 |    251 |      0 |    112 |      0 |   1 |  251.0 |
               +--------+--------+--------+--------+--------+-----+--------+

Top non-repeatable levels by time:
     D:1: 2025 daAuts
     D:2: 1698 daAuts
     D:4: 884 daAuts
     D:3: 852 daAuts
   Sewer: 251 daAuts
